 Dungeon Crawl Stone Soup version 0.27.1-33-g824d729ab1 (webtiles) character file.

Game seed: 13411660219064069412

254 pkoi the Ruffian (level 5, -14/41 HPs)
             Began as a Draconian Gladiator on Dec 21, 2021.
             Killed by divine providence
             ... invoked by an orc priest
              (16 damage)
             ... on level 3 of the Dungeon.
             The game lasted 00:02:25 (3158 turns).

pkoi the Ruffian (Draconian Gladiator)              Turns: 3158, Time: 00:02:25

Health: -14/41     AC:  5    Str: 17    XL:     5   Next: 91%
Magic:  5/5        EV: 12    Int:  9    God:
Gold:   62         SH:  5    Dex: 12    Spells: 4/4 levels left

rFire    . . .     SeeInvis .     - Unarmed
rCold    . . .     Faith    .   (no shield)
rNeg     . . .     Spirit   .   (armour unavailable)
rPois    .         Reflect  +   a - +0 hat
rElec    .         Harm     .   (no cloak)
rCorr    .         Rampage  .   (no gloves)
Will     .....                  (no boots)
Stlth    +.........             f - amulet of reflection
HPRegen  0.13/turn              m - ring of flight
MPRegen  0.09/turn              (no ring)

@: flying, hasted, very quick
A: AC +5, unfitting armour, cold-blooded
a: no special abilities


You were on level 3 of the Dungeon.
You visited 1 branch of the dungeon, and saw 3 of its levels.

You collected 62 gold pieces.

Inventory:

Hand Weapons
 j - a +2 dagger of speed
Missiles
 b - 3 throwing nets (quivered)
 g - 13 poisoned darts
Armour
 a - a +0 hat (worn)
Jewellery
 f - an amulet of reflection (around neck)
 m - a ring of flight (left hand)
Scrolls
 c - 4 scrolls of identify
 h - a scroll of summoning {unknown}
 i - a scroll of vulnerability {unknown}
 l - a scroll of brand weapon


   Skills:
 - Level 2.1 Fighting
 - Level 1.7 Throwing
 - Level 2.6 Dodging
 + Level 6.7 Unarmed Combat


You had 4 spell levels left.
You didn't know any spells.
Your spell library was empty.

Dungeon Overview and Level Annotations

Branches:
Dungeon (3/15)

Altars:
Trog


Innate Abilities, Weirdness & Mutations

Your plain brown scales are hard. (AC +5)
You cannot fit into any form of body armour.
You are cold-blooded and may be slowed by cold attacks.


Message History

The orc priest is lightly wounded.
The quokka bites you but does no damage.
The orc priest hits you with a +0 dagger.
* * * LOW HITPOINT WARNING * * *
It was a potion of flight.
You feel more buoyant. You block the orc's attack. The orc barely misses you.
You barely miss the orc priest. You tail-slap the orc priest.
The orc priest is moderately wounded.
The quokka closely misses you.
The orc priest hits you but does no damage.
The orc hits you but does no damage. The orc hits you with a +0 club.
* * * LOW HITPOINT WARNING * * *
You hit the orc priest but do no damage.
Your tail-slap misses the orc priest.
The orc priest is moderately wounded.
You block the quokka's attack.
You feel better.
The orc priest hits you with a +0 dagger.
* * * LOW HITPOINT WARNING * * *
You block the orc's attack. The orc hits you but does no damage.
The quokka misses you.
You barely miss the orc priest.
The orc priest is moderately wounded.
The orc priest hits you with a +0 dagger.
* * * LOW HITPOINT WARNING * * *
The orc hits you with a +0 club.
* * * LOW HITPOINT WARNING * * *
The orc hits you but does no damage. The quokka misses you.
As you read the scroll labelled WED RIM XAL, it crumbles to dust.
It is a scroll of identify.
l - a scroll of brand weapon The orc priest hits you but does no damage.
Things that are here:
a +0 dagger; a +0 robe
As you read the scroll labelled AFUGHI BIESI, it crumbles to dust.
You feel aware of your surroundings.
It was a scroll of magic mapping.
The orc priest mumbles some strange prayers to Beogh against you.
Beogh smites you!
You die...

#..,...##,*8,#.#,,*,* *,,,*
##**##.,*,*,,+.+,,*,**********
##.*,***#.#*+*,*,,,,,,,,,
######****,*,,,,...,,,,*,*,,*,,,*
.>....,,,,,*,####.##+#,*,*,,,,,,*
######****,*,#..#.#..#,*,*,,,**,,
*,*,#..'o'."#,*******,*,
**#.#+##r####.# ****
#....@)o....# #.#+##.####.# ###
*,*,,#.#,,*,* ..# #.#,,+.+,,*,*
#.### #.####.##+#.# ..†.#
#...........# #.#.# #.####.##+#.#
#.#.# ***#.#..#.#,,*,###
#.#.#***#..#.#..'.+,,*,#.#


You could see an orc priest, an orc and a quokka.

Vanquished Creatures
  A necrophage (D:3)
  A hound (D:3)
  Natasha (D:2)
  An orc wizard (D:3)
  3 adders
  A dart slug (D:1)
  2 orcs (D:3)
  7 endoplasms
  4 giant cockroaches
  3 goblins
  10 hobgoblins
  5 jackals (D:1)
  4 kobolds
  2 ball pythons (D:2)
  5 bats
  6 frilled lizards
  7 rats
63 creatures vanquished.

Notes
Turn   | Place    | Note
-------+----------+-------------------------------------------
     0 | D:1      | pkoi the Draconian Gladiator began the quest for the Orb.
     0 | D:1      | Reached XP level 1. HP: 17/17 MP: 1/1
   502 | D:1      | Reached XP level 2. HP: 24/24 MP: 2/2
   622 | D:1      | Found a faded altar of an unknown god.
   863 | D:1      | Reached skill level 4 in Unarmed Combat
  1124 | D:1      | Reached XP level 3. HP: 29/29 MP: 3/3
  2043 | D:2      | Noticed Natasha
  2058 | D:2      | Killed Natasha
  2059 | D:2      | Reached skill level 5 in Unarmed Combat
  2059 | D:2      | Reached XP level 4. HP: 23/36 MP: 4/4
  2349 | D:3      | Found a bloodstained altar of Trog.
  2469 | D:3      | Noticed a necrophage
  2479 | D:3      | Killed a necrophage
  2480 | D:3      | Reached skill level 6 in Unarmed Combat
  2480 | D:3      | Reached XP level 5. HP: 18/41 MP: 5/5
  3152 | D:3      | HP: 1/41 [orc (3)]
  3158 | D:3      | Killed from afar by an orc priest

Illustrated notes

Levels and vault maps discovered:
D:1:      saegor_arrival_simple_d, layout_basic,
          hellmonk_ecumenical_altar_run_dry,
          hangedman_abyss_or_decor_lesser_grid
D:2:      layout_basic, uniq_natasha
D:3:      minmay_door_path, layout_loops_ring, trog_hazing_becter,
          minmay_misc_feat_rugged

Skill      XL: |  1  2  3  4 |
---------------+-------------+-----
Unarmed Combat | 4 5 6 |  6.7
Fighting       | |  2.1
Throwing       | |  1.7
Dodging        | |  2.6

Action                   |  1- 3 |  4- 6 || total
-------------------------+-------+-------++-------
Melee: Unarmed           |   130 |    93 ||   223
       Tailslap          |    16 |     7 ||    23
       Punch             |     4 |     2 ||     6
  Use: Potion            |       |     4 ||     4
       Scroll            |       |     2 ||     2
 Stab: Sleeping          |       |     2 ||     2
Armor: Skin              |    32 |    31 ||    63
Dodge: Dodged            |    66 |    55 ||   121
Block: Other             |    19 |    16 ||    35
       Reflection        |     1 |     3 ||     4
